 Dungeon Crawl Stone Soup version 0.18-a0-1197-g8004e50 (webtiles) character file.

518 Duffy the Conjurer (level 7, -2/36 HPs)
             Began as a Deep Elf Fire Elementalist on Jan 30, 2016.
             Slain by a crimson imp
             ... wielding a +0 dagger of chaos
              (17 damage)
             ... on level 5 of the Dungeon.
             The game lasted 00:05:47 (4741 turns).

Duffy the Conjurer (Deep Elf Fire Elementalist)     Turns: 4741, Time: 00:05:47

Health: -2/36      AC:  3    Str:  5    XL:     7   Next: 1%
Magic:  16/16      EV: 13    Int: 22    God:
Gold:   215        SH:  0    Dex: 15    Spells: 4 memorised, 2 levels left

rFire  . . .     SeeInvis .     z - staff of summoning
rCold  . . .     Gourm    .     a - +0 robe
rNeg   . . .     Faith    .     (no shield)
rPois  .         Spirit   .     (no helmet)
rElec  .         Dismiss  .     l - +0 cloak {MR+}
rCorr  .         Reflect  .     (no gloves)
SustAt .         Harm     .     (no boots)
MR     +....                    (no amulet)
Stlth  ++........               (no ring)
                                (no ring)

@: somewhat resistant to hostile enchantments, unstealthy
A: no striking features
a: no special abilities


You were on level 5 of the Dungeon.
You were near starving.

You visited 1 branch of the dungeon, and saw 5 of its levels.

You collected 215 gold pieces.


   Skills:
 - Level 2.4 Dodging
 - Level 2.4 Stealth
 + Level 4.8 Spellcasting
 * Level 5.9 Conjurations
 * Level 5.5 Fire Magic


You had 2 spell levels left.
You knew the following spells:

 Your Spells              Type           Power        Failure   Level  Hunger
a - Flame Tongue          Conj/Fire      ####.        1%          1    None
j - Sticky Flame          Conj/Fire      ####....     12%         4    ####...
k - Fireball              Conj/Fire      ####......   34%         5    #####..
l - Conjure Flame         Conj/Fire      ####....     3%          3    ##.....

Inventory:

Missiles
 i - 30 poisoned needles
Armour
 a - a +0 robe (worn)
 l - a +0 cloak of magic resistance (worn)
Magical Staves
 z - an uncursed staff of summoning (weapon)
Scrolls
 d - a scroll of enchant weapon {unknown}
 e - 2 scrolls of remove curse {unknown}
 g - 2 scrolls of identify {unknown}
 h - 5 scrolls of random uselessness {unknown}
 n - 5 scrolls of amnesia {unknown}
 o - 2 scrolls of magic mapping {unknown}
 p - a scroll of teleportation {unknown}
 x - a scroll of immolation {unknown}
 y - 2 scrolls of recharging {unknown}
 A - a scroll of enchant armour {unknown}
 C - a scroll of blinking {unknown}
Potions
 j - 2 potions of might {unknown}
 k - 3 potions of ambrosia {unknown}
 q - a potion of lignification {unknown}
 r - a potion of beneficial mutation {unknown}
 u - a potion of agility {unknown}
 v - 2 potions of resistance {unknown}
 w - a potion of poison {unknown}
 B - a potion of cancellation {unknown}
Books
 b - a book of Flames
 s - a book of Summonings
Comestibles
 c - 5 bread rations
 f - 4 beef jerkies
 m - 2 meat rations
 t - a royal jelly

Dungeon Overview and Level Annotations

Branches:
Dungeon (5/15)
 Temple: D:4-7

Altars:
Ashenzari
Dithmenos
Elyvilon
Fedhas
Okawaru
Trog
Xom
Yredelemnul

Shops:
D:5 =


Message History

The crimson imp hits you but does no damage.
The crimson imp completely misses you. The crimson imp puffs mist at you.
The crimson imp hits you.
The crimson imp hits you with a dagger of chaos.
The crimson imp shouts, "Scamper hence, thou underdone flap-mouthed barnacle!"
The crimson imp barely misses you. The crimson imp closely misses you.
The crimson imp misses you. The crimson imp closely misses you.
The crimson imp closely misses you. x2
The crimson imp closely misses you. The crimson imp barely misses you.
The crimson imp barely misses you.
The crimson imp blinks!
The crimson imp misses you.
The crimson imp blinks!
The crimson imp misses you. The crimson imp hits you.
The crimson imp closely misses you. The crimson imp misses you.
The crimson imp hits you but does no damage.
The crimson imp misses you.
The crimson imp blinks!
The crimson imp closely misses you. The crimson imp completely misses you.
The crimson imp hits you but does no damage.
The crimson imp closely misses you. The crimson imp misses you.
The crimson imp hits you with a dagger of chaos.
The crimson imp hits you but does no damage.
The crimson imp hits you with a dagger of chaos.
The crimson imp freezes you. The crimson imp barely misses you.
The crimson imp hits you but does no damage.
The crimson imp hits you.
The crimson imp hits you with a dagger of chaos.
The crimson imp freezes you. The crimson imp closely misses you.
The crimson imp closely misses you. The crimson imp hits you.
The crimson imp blinks! x2
The crimson imp hits you with a dagger of chaos.
You are electrocuted!
You die...

.# #............#..####..........
.# #.##.....###..(.............##
.###.##..........#.######......##
.....####.######.#.# ###......
####.# #.# #...########.##.## #.#
#0# ###...............# #.# #.#
#.....############# #.#
#.####..5..# #.# #......5@..#
####.# ######.....# .....#
#>....# ####.# ## ###..##
#.###.... ...# ####........ ##.#
.........### .# ########## .#


You could see 2 crimson imps.

Action                   |  1- 3 |  4- 6 |  7- 9 || total
-------------------------+-------+-------+-------++-------
Melee: Unarmed           |       |     2 |       ||     2
       Staff             |       |       |     2 ||     2
 Cast: Flame Tongue      |    60 |   110 |     2 ||   172
       Sticky Flame      |       |     1 |       ||     1
       Conjure Flame     |       |     1 |       ||     1
  Eat: Chunk             |     2 |     8 |       ||    10

Notes
Turn   | Place    | Note
--------------------------------------------------------------
     0 | D:1      | Duffy the Deep Elf Fire Elementalist began the quest for the Orb.
     0 | D:1      | Reached XP level 1. HP: 10/10 MP: 6/6
   121 | D:1      | Reached skill level 2 in Conjurations
   183 | D:1      | Reached XP level 2. HP: 15/15 MP: 6/8
   745 | D:1      | Reached skill level 3 in Conjurations
  1114 | D:2      | Reached XP level 3. HP: 19/19 MP: 7/9
  1669 | D:2      | Reached XP level 4. HP: 24/24 MP: 7/10
  1717 | D:2      | Found a shadowy altar of Dithmenos.
  1821 | D:3      | Learned a level 3 spell: Conjure Flame
  1826 | D:3      | Learned a level 4 spell: Sticky Flame
  1858 | D:3      | Found a shattered altar of Ashenzari.
  1994 | D:3      | Reached skill level 4 in Conjurations
  2246 | D:3      | Reached skill level 4 in Fire Magic
  2868 | D:4      | Reached XP level 5. HP: 22/28 MP: 5/12
  3021 | D:4      | Found an iron altar of Okawaru.
  3063 | D:4      | Found a basalt altar of Yredelemnul.
  3149 | D:4      | Reached skill level 4 in Spellcasting
  3149 | D:4      | Reached skill level 5 in Conjurations
  3343 | D:4      | Noticed a centaur
  3462 | D:4      | Killed a centaur
  3462 | D:4      | Reached XP level 6. HP: 4/32 MP: 3/14
  3773 | D:4      | Reached skill level 5 in Fire Magic
  3839 | D:4      | Learned a level 5 spell: Fireball
  4072 | D:4      | Found a blossoming altar of Fedhas.
  4100 | D:4      | Found a bloodstained altar of Trog.
  4100 | D:4      | Found a white marble altar of Elyvilon.
  4150 | D:5      | Entered Level 5 of the Dungeon
  4162 | D:5      | Found Veusew's Jewellery Emporium.
  4520 | D:5      | Reached XP level 7. HP: 36/36 MP: 13/16
  4662 | D:5      | Found a shimmering altar of Xom.
  4741 | D:5      | Slain by a crimson imp

Vault maps used:
D:1:      dpeg_arrival_erosion, kennysheep_decorative_pillar
D:2:      marbit_many_paths, glass_columns_a, hangedman_decor_push
D:3:      evilmike_ruin_ashenzari, first_bread
D:4:      kennysheep_mini, lemuel_zombie_altar_yredelemnul,
          amethyst_overflow_temple_binary, lemuel_doored_altar
D:5:      led_xom_imps, serial_shops, nicolae_shop_crystal

Vanquished Creatures
  An ogre
  A centaur
  2 hounds
  2 orc wizards
  An iguana
  2 worker ants
  7 adders
  3 giant geckos
  13 orcs
  3 ball pythons
  9 bats
  2 giant cockroaches
  2 gnoll zombies
  9 goblins
  8 hobgoblins
  5 jackals
  3 quokkas
  5 giant newts
  10 kobolds
  A quokka skeleton
  5 rats
94 creatures vanquished.
